 Dungeon Crawl Stone Soup version 0.26.0-91-g99b343417d (webtiles) character file.

Game seed: 14538554339296429842

89260 growler the Brawler (level 15, -1/136 HPs)
             Began as a Ghoul Monk on Feb 2, 2021.
             Was the Champion of Yredelemnul.
             Slain by a goliath frog (11 damage)
             ... on level 1 of the Swamp on Feb 3, 2021.
             The game lasted 01:33:34 (32004 turns).

growler the Brawler (Ghoul Monk)                   Turns: 32004, Time: 01:33:34

Health: -1/136     AC: -1    Str: 20    XL:     15   Next: 96%
Magic:  3/23       EV: 20    Int:  5    God:    Yredelemnul [******]
Gold:   1218       SH: 13    Dex: 11    Spells: 14/14 levels left

rFire    + + +     SeeInvis .     - Unarmed
rCold    + + +     Faith    .   O - +2 kite shield {rF+}
rNeg     + + +     Spirit   .   H - +0 steam dragon scales
rPois    ∞         Reflect  .   l - +2 helmet
rElec    +         Harm     .   n - +0 cloak
rCorr    .         Rampage  .   R - +2 pair of gloves
Will     +....                  j - +1 pair of boots
Stlth    ++........             T - amulet of regeneration
HPRegen  0.00/turn              m - +4 ring of evasion
MPRegen  0.18/turn              e - ring "Decomeej" {+Fly rElec rF+++ rC++ Str-2}

@: corroded, slowed, very slow
A: claws 1, cold resistance 1, negative energy resistance 3, inhibited
regeneration, torment resistance, unbreathing
a: Renounce Religion, Evoke Flight, Recall Undead Slaves, Injury Mirror, Animate
Dead, Drain Life, Enslave Soul


You were on level 1 of the Swamp.
You worshipped Yredelemnul.
Yredelemnul was exalted by your worship.
You visited 5 branches of the dungeon, and saw 25 of its levels.
You also visited: Ossuary.

You collected 2415 gold pieces.
You spent 1197 gold pieces at shops.

Inventory:

Missiles
 o - 2 throwing nets (quivered) {!f}
Armour
 j - a +1 pair of boots (worn)
   (You found it on level 2 of the Dungeon)
 l - a +2 helmet (worn)
   (You found it on level 2 of the Dungeon)
 n - a +0 cloak (worn)
   (You found it on level 2 of the Dungeon)
 D - the +0 pair of gloves "Inesustri" {Dex+3}
   (You found it on level 6 of the Dungeon)

   It affects your dexterity (+3).
 H - +0 steam dragon scales (worn)
   (You found it on level 7 of the Dungeon)
 O - a +2 kite shield of fire resistance (worn)
   (You found it on level 11 of the Dungeon)
 R - a +2 pair of gloves (worn)
   (You found it on level 2 of the Lair of Beasts)
Jewellery
 e - the ring "Decomeej" (right hand) {+Fly rElec rF+++ rC++ Str-2}
   (You bought it in a shop on level 14 of the Dungeon)

   [ring of flight]

   It affects your strength (-2).
   It renders you almost immune to fire.
   It greatly protects you from cold.
   It insulates you from electricity.
   It lets you fly.
 m - a +4 ring of evasion (left hand)
   (You took it off a goblin on level 2 of the Dungeon)
 T - an amulet of regeneration (around neck)
   (You found it on level 3 of the Lair of Beasts)
 V - a +6 ring of intelligence
   (You found it on level 5 of the Lair of Beasts)
 X - an uncursed amulet of guardian spirit
   (You found it on level 5 of the Lair of Beasts)
 Y - an uncursed amulet of the acrobat
   (You found it on level 6 of the Lair of Beasts)
Wands
 c - a wand of disintegration (20)
   (You found it on level 5 of the Dungeon)
 d - a wand of iceblast (39)
   (You found it on level 5 of the Dungeon)
 t - a wand of flame (6)
   (You found it on level 5 of the Dungeon)
 u - a wand of paralysis (23)
   (You found it on level 5 of the Dungeon)
 v - a wand of digging (5)
   (You found it on level 3 of the Lair of Beasts)
 U - a wand of polymorph (22)
   (You found it on level 4 of the Lair of Beasts)
Scrolls
 a - 2 scrolls of acquirement {unknown}
 b - 3 scrolls of enchant armour {unknown}
 i - 2 scrolls of silence
 k - 10 scrolls of magic mapping
 p - 2 scrolls of enchant weapon
 r - 2 scrolls of immolation {!r}
 s - 3 scrolls of teleportation {@r4}
 w - 5 scrolls of remove curse {@r2}
 y - a scroll of torment
 A - a scroll of fear
 C - 2 scrolls of fog
 G - a scroll of vulnerability {!r}
 J - 6 scrolls of identify {@r1}
 M - 2 scrolls of amnesia {unknown}
 Q - a scroll of blinking
Potions
 f - 5 potions of might
 g - 13 potions of curing {@q1}
 q - 6 potions of heal wounds {@q2}
 x - 3 potions of haste {@q3}
 z - 4 potions of flight
 B - 2 potions of invisibility
 F - 2 potions of resistance
 I - a potion of brilliance
 K - 2 potions of magic
 L - a potion of ambrosia
 P - 3 potions of attraction {!q}
 S - 4 potions of cancellation
Miscellaneous
 N - a phantom mirror
   (You found it on level 11 of the Dungeon)


   Skills:
 + Level 13.2 Fighting
 + Level 0.6 Armour
 + Level 11.5 Dodging
 - Level 3.4 Stealth
 + Level 8.2 Shields
 + Level 17.6 Unarmed Combat
 + Level 12.6 Invocations


You had 14 spell levels left.
You didn't know any spells.
Your spell library contained the following spells:

 Spells                   Type           Power        Failure   Level
 Animate Skeleton         Necr           0%           77%         1
 Magic Dart               Conj           0%           77%         1
 Pain                     Necr           0%           77%         1
 Blink                    Tloc           N/A          88%         2
 Call Imp                 Summ           0%           88%         2
 Slow                     Hex            0%           88%         2
 Conjure Flame            Conj/Fire      0%           98%         3
 Mephitic Cloud           Conj/Pois/Air  0%           98%         3
 Vampiric Draining        Necr           0%           98%         3
 Animate Dead             Necr           0%           100%        4
 Cause Fear               Hex            0%           100%        4
 Agony                    Necr           0%           100%        5
 Bolt of Magma            Conj/Fire/Erth 0%           100%        5
 Iskenderun's Battlesphe  Conj           0%           100%        5
 Silence                  Hex/Air        0%           100%        5
 Yara's Violent Unravell  Hex/Tmut       0%           100%        5
 Iron Shot                Conj/Erth      0%           100%        6
 Orb of Destruction       Conj           0%           100%        7
 Spellforged Servitor     Conj/Summ      0%           100%        7
 Discord                  Hex            0%           100%        8


Dungeon Overview and Level Annotations

Branches:
Dungeon (15/15)            Temple (1/1) D:5            Lair (6/6) D:10
  Swamp (1/4) Lair:4       Spider (0/4) Lair:4        Slime (0/5) Lair:6
    Orc (2/2) D:10            Elf (0/3) Orc:2        Vaults (0/5) D:13
 Depths (0/5) D:15        Ossuary (visited)

Altars:
Ashenzari
Cheibriados
Dithmenos
Elyvilon
Fedhas
Gozag
Hepliaklqana
Kikubaaqudgha
Makhleb
Nemelex Xobeh
Okawaru
Qazlal
Ru
Sif Muna
Trog
Uskayaw
Vehumet
Wu Jian
Xom
Yredelemnul
Zin
The Shining One
Beogh
Jiyva

Shops:
D:5 ?   D:6 !   D:8 (   D:10 *   D:14 =   Orc:2 *[*:

Portals:
Pandemonium: Orc:2

Annotations:
D:6 2 runed translucent doors
D:11 4 runed translucent doors, Shayle's ghost, journeyman PaNe


Innate Abilities, Weirdness & Mutations

You thrive by killing the living.
You are immune to poison.
You have sharp fingernails.
Your flesh is cold resistant. (rC+)
You are immune to negative energy. (rN+++)
You do not regenerate when monsters are visible.
You are immune to unholy pain and torment.
You can survive without breathing.


Message History

* * * LOW HITPOINT WARNING * * *
You are splashed with acid!
* * * LOW HITPOINT WARNING * * *
The goliath frog hits you from afar!
* * * LOW HITPOINT WARNING * * *
You are splashed with acid!
* * * LOW HITPOINT WARNING * * *
You block the bog body's attack.
You draw life from your surroundings.
The monsters around you are drained of life!
You feel life flooding into your body. The goliath frog barely misses you.
You block the goliath frog's attack. You block the bog body's attack.
You block the goliath frog's attack. The goliath frog hits you from afar!
You are splashed with acid!
* * * LOW HITPOINT WARNING * * *
Okay, then.
Really fire
o - 3 throwing nets {!f}?
Throw: 3 throwing nets {!f}
Aim: a bog body (severely damaged, 66% to hit)
You throw a throwing net {!f}.
The throwing net {!f} hits the bog body.
The bog body is caught in the net!
You hear a splash.
The bog body struggles against the net.
The goliath frog completely misses you. The goliath frog hits you from afar!
* * * LOW HITPOINT WARNING * * *
You are splashed with acid!
* * * LOW HITPOINT WARNING * * *
The goliath frog misses you.
You hit the bog body. The goliath frog closely misses you.
The bog body points at you and mumbles some strange words.
You feel as though you will be slow longer.
The bog body struggles against the net.
The goliath frog completely misses you. The goliath frog misses you.
You hit the bog body. The goliath frog hits you from afar!!
* * * LOW HITPOINT WARNING * * *
You are splashed with acid!
* * * LOW HITPOINT WARNING * * *
You block the goliath frog's attack.
You strike the helpless bog body from behind!
You punch the bog body!
You destroy the bog body!
Yredelemnul accepts your kill. The goliath frog hits you from afar.
* * * LOW HITPOINT WARNING * * *
The acid corrodes you!
You are splashed with acid!
* * * LOW HITPOINT WARNING * * *
You block the goliath frog's attack. The goliath frog hits you from afar!
You die...
Yredelemnul claims you as an undead slave.

♣.≈F≈≈..≈≈ ♣♣.≈≈≈.♣♣≈≈
..≈≈≈≈.≈≈≈ ♣♣ ♣≈≈≈≈≈...≈≈
♣.......≈♣♣≈♣ ♣≈.≈≈.....
...≈...§≈♣≈♣ ♣≈.≈.)....
...♣.[.....♣♣♣♣♣♣♣≈...≈≈≈≈.
.>≈≈..../.♣♣≈≈..≈..♣♣♣.≈≈§.
♣≈$.≈≈≈F♣♣♣♣♣..≈......♣≈≈≈≈
♣≈..≈§§FF♣♣≈...♣♣♣....♣♣≈≈≈
≈..♣≈...Dw@..≈§♣..♣≈.♣♣♣♣≈≈
....≈?..F♣♣≈.≈...≈♣♣♣♣ ♣♣.
..(...≈≈♣♣♣♣♣§.≈≈≈♣ ♣.
≈...≈≈≈≈♣ ♣.≈≈≈.♣ .≈
≈≈≈≈≈≈≈.♣ ♣.≈≈≈♣♣ ≈§≈.≈≈≈..
♣.≈≈.♣ ≈≈≈...... ≈♣♣♣♣♣
≈≈>≈≈♣≈ .≈ .≈§


You could see a five-headed hydra, 4 goliath frogs and a swamp worm.

Vanquished Creatures
  A fire giant (D:15)
  Azrael (D:15)
  A fire dragon (Lair:6)
  5 hydras
  Harold (D:8)
  A catoblepas (D:14)
  3 centaur warriors
  2 boulder beetles
  A death knight (D:12)
  2 dancing weapons (D:13)
  7 two-headed ogres
  A tengu warrior (D:13)
  2 alligators (Swamp:1)
  8 death yaks
  6 orc high priests (Orc:2)
  A sun demon (Orc:2)
  A soul eater (Orc:2)
  A fire crab (Lair:6)
  An unseen horror (D:14)
  A goliath frog (Swamp:1)
  An infernal demonspawn (Orc:2)
  2 bog bodies
  2 torturous demonspawn (Orc:2)
  A deep elf mage (D:15)
  A lindwurm (Orc:2)
  A gelid demonspawn (Orc:2)
  A phantasmal warrior (D:11)
  5 orc knights (Orc:2)
  3 cyclopes
  4 ugly things
  7 orc sorcerers (Orc:2)
  3 elephants (Lair:3)
  Maurice (D:10)
  10 black mambas
  2 molten gargoyles (Lair:6)
  An orange demon (Orc:2)
  Maggie (D:7)
  7 cane toads
  3 freezing wraiths
  11 komodo dragons
  2 rime drakes
  3 efreet
  3 trolls
  A tengu conjurer (D:13)
  A jumping spider (Lair:4)
  2 hornets
  Prince Ribbit (D:5)
  5 slime creatures
  12 blink frogs
  3 dream sheep (Lair:6)
  4 wyverns
  5 shadows
  A spriggan (Swamp:1)
  A redback (Lair:4)
  16 yaks
  2 hogs (D:9)
  A human (D:9)
  3 fire elementals (D:15)
  A wraith (D:15)
  2 basilisks
  4 steam dragons
  4 vampire mosquitoes (D:14)
  A swamp worm (Swamp:1)
  2 wargs (Orc:2)
  A soldier ant (D:13)
  11 water moccasins
  6 hell hounds
  7 sky beasts
  31 orc warriors
  8 ogres
  3 eyes of draining
  2 ice beasts
  3 phantoms
  2 wolves (Lair:2)
  10 centaurs
  2 big kobolds
  11 bullfrogs
  7 scorpions
  A wyvern skeleton (D:9)
  13 killer bees
  A water moccasin skeleton (D:5)
  A troll zombie (D:10)
  11 wights
  4 howler monkeys
  A crimson imp (D:8)
  3 quasits
  4 bullfrog zombies
  5 centaur zombies
  7 jellies
  3 lava snakes (Lair:6)
  4 hounds
  A human zombie (D:6)
  6 centaur skeletons
  28 orc priests
  15 orc wizards
  3 bullfrog skeletons
  2 iguanas
  4 hell rats (Lair:3)
  13 worker ants
  5 ogre zombies (D:10)
  2 hound zombies
  8 mummies (Ossuary)
  A worker ant zombie (D:6)
  4 gnolls (D:6)
  13 river rats (Lair:3)
  13 adders
  A shadow imp (D:10)
  4 white imps
  An ufetubus (D:4)
  2 oozes (D:5)
  3 adder skeletons
  An adder zombie (D:9)
  A worm (shapeshifter) (D:14)
  4 worms
  3 dart slugs (D:1)
  5 leopard geckos
  66 orcs
  11 bats
  4 giant cockroaches
  2 gnoll zombies (Ossuary)
  7 goblins
  9 hobgoblins
  14 jackals
  15 kobolds
  11 quokkas
  5 ball pythons
  11 frilled lizards
  A goblin skeleton (D:10)
  A goblin zombie (D:10)
  A hobgoblin skeleton (D:10)
  4 hobgoblin zombies
  A jackal skeleton (D:6)
  A leopard gecko skeleton (D:4)
  An orc skeleton (D:10)
  16 orc zombies
  9 rats
  A rat zombie (D:6)
690 creatures vanquished.

Vanquished Creatures (collateral kills)
  3 hydras
  5 death yaks
  A two-headed ogre (D:8)
  Urug (Lair:6)
  An unseen horror (D:13)
  A bog body (Lair:4)
  An ugly thing (D:11)
  A cyclops (D:10)
  3 elephants (Lair:3)
  A molten gargoyle (Lair:6)
  A black mamba (Lair:6)
  A cane toad (Lair:4)
  2 komodo dragons
  A polar bear (Lair:4)
  2 dream sheep (Lair:6)
  A blink frog (Lair:3)
  A yak (Lair:2)
  4 basilisks
  2 hogs (D:9)
  A chaos spawn (Orc:2)
  A soldier ant (D:11)
  A water moccasin (Lair:4)
  2 orc warriors
  2 ogres
  A wolf (Lair:2)
  2 bullfrogs (Lair:3)
  3 killer bees (D:11)
  3 wights (D:11)
  A howler monkey (D:13)
  2 lava snakes (Lair:6)
  2 orc priests
  An orc wizard (D:13)
  8 hell rats
  A worker ant (D:11)
  2 river rats (Lair:3)
  A leopard gecko (D:10)
  A quokka (Lair:3)
  An orc zombie (D:10)
  4 rats
73 creatures vanquished.

Vanquished Creatures (others)
  4 flying skulls
  A vampire (Lair:6)
  A basilisk (Lair:6)
  A wraith (Lair:6)
  A scorpion (D:4)
  2 wights
  A mummy (Lair:6)
  2 adders (D:4)
  An orc (D:4)
  30 fungi
  23 plants
  9 toadstools (D:5)
76 creatures vanquished.

Grand Total: 839 creatures vanquished

Notes
Turn   | Place    | Note
-------+----------+-------------------------------------------
     0 | D:1      | growler the Ghoul Monk began the quest for the Orb.
     0 | D:1      | Reached XP level 1. HP: 19/19 MP: 0/0
   229 | D:1      | Reached XP level 2. HP: 26/26 MP: 1/1
   646 | D:1      | Reached XP level 3. HP: 31/31 MP: 2/2
  1528 | D:2      | Found a sparkling altar of Nemelex Xobeh.
  1552 | D:2      | Reached XP level 4. HP: 40/40 MP: 3/3
  1905 | D:3      | Reached skill level 4 in Unarmed Combat
  2355 | D:3      | Reached XP level 5. HP: 34/46 MP: 4/4
  3044 | D:4      | Found a white marble altar of Elyvilon.
  3202 | D:4      | Found a shimmering altar of Xom.
  3228 | D:4      | Reached XP level 6. HP: 48/53 MP: 5/5
  3259 | D:4      | Reached skill level 5 in Unarmed Combat
  3533 | D:4      | Found a snail-covered altar of Cheibriados.
  3801 | D:5      | Entered Level 5 of the Dungeon
  3813 | D:5      | Got a jewelled dagger
  4088 | D:5      | Found a staircase to the Ecumenical Temple.
  4100 | Temple   | Entered the Ecumenical Temple
  4314 | Temple   | Became a worshipper of Yredelemnul the Dark
  4314 | Temple   | Reached * piety under Yredelemnul
  4314 | Temple   | Reached ** piety under Yredelemnul
  4398 | Temple   | HP: 2/55 [orc/+0 hand axe (1)]
  4827 | D:5      | Found Furhocij's Magic Scroll Boutique.
  4836 | D:5      | Reached skill level 1 in Invocations
  4836 | D:5      | Reached XP level 7. HP: 60/60 MP: 6/6
  4844 | D:5      | Noticed Prince Ribbit
  4905 | D:5      | Killed Prince Ribbit
  4906 | D:5      | Reached skill level 5 in Fighting
  4906 | D:5      | Reached skill level 6 in Unarmed Combat
  5640 | D:5      | Noticed a slime creature
  5640 | D:5      | Noticed a slime creature
  6231 | D:5      | Killed a slime creature
  6232 | D:5      | Reached skill level 7 in Unarmed Combat
  6232 | D:5      | Reached XP level 8. HP: 54/70 MP: 7/9
  6241 | D:5      | Killed a slime creature
  6242 | D:5      | Reached skill level 5 in Dodging
  6538 | D:6      | Found a runed translucent door.
  6565 | D:6      | Found a runed translucent door.
  6604 | D:6      | Got a pair of distressingly furry gloves
  6630 | D:6      | Found a bloodstained altar of Trog.
  6706 | D:6      | Reached skill level 8 in Unarmed Combat
  6783 | D:6      | Found a sand-covered staircase.
  6805 | Ossuary  | Entered an ossuary
  7093 | Ossuary  | Reached *** piety under Yredelemnul
  7104 | Ossuary  | Reached XP level 9. HP: 39/78 MP: 11/11
  7500 | D:6      | Found a broken altar of Ashenzari.
  7890 | D:6      | Found Quosseal's Distillery.
  8164 | D:7      | Reached skill level 9 in Unarmed Combat
  8180 | D:7      | Reached skill level 5 in Invocations
  8407 | D:6      | Identified the cursed +0 pair of gloves "Inesustri" {Dex+3}
                  | (You found it on level 6 of the Dungeon)
  8821 | D:7      | Found a blossoming altar of Fedhas.
  8866 | D:7      | Noticed Maggie
  8891 | D:7      | Killed Maggie
  8897 | D:7      | Reached **** piety under Yredelemnul
  8909 | D:7      | Reached skill level 10 in Unarmed Combat
  8909 | D:7      | Reached XP level 10. HP: 64/86 MP: 13/13
  9156 | D:7      | Found a shadowy altar of Dithmenos.
  9218 | D:7      | Found an iron altar of Okawaru.
  9218 | D:7      | Found a glowing silver altar of Zin.
  9432 | D:8      | Found a hide-covered altar of Uskayaw.
  9456 | D:8      | Got a polished mace
  9583 | D:8      | Noticed Harold
  9610 | D:8      | Killed Harold
  9674 | D:8      | Received a gift from Yredelemnul (a mummy)
 10148 | D:8      | Noticed a two-headed ogre
 10161 | D:8      | Killed a two-headed ogre
 10162 | D:8      | Reached skill level 11 in Unarmed Combat
 10352 | D:8      | Received a gift from Yredelemnul (a mummy)
 10373 | D:8      | Found Suasirchu's Antique Weapon Shoppe.
 10975 | D:9      | Found a shimmering blue altar of Sif Muna.
 10996 | D:9      | Received a gift from Yredelemnul (4 flying skulls)
 11029 | D:9      | Reached XP level 11. HP: 93/95 MP: 15/15
 11248 | D:10     | Entered Level 10 of the Dungeon
 11475 | D:10     | Received a gift from Yredelemnul (3 flying skulls)
 11728 | D:10     | Found a staircase to the Orcish Mines.
 11905 | D:10     | Noticed a cyclops
 11915 | D:10     | Killed a cyclops
 11915 | D:10     | Reached ***** piety under Yredelemnul
 12025 | D:10     | Found Odeetwah's Assorted Antiques.
 12199 | D:10     | Noticed a death yak
 12200 | D:10     | Found a staircase to the Lair.
 12201 | D:10     | Noticed a death yak
 12208 | D:10     | Killed a death yak
 12209 | D:10     | Reached skill level 12 in Unarmed Combat
 12218 | D:10     | Killed a death yak
 12218 | D:10     | Received a gift from Yredelemnul (a vampire)
 12219 | D:10     | Noticed a death yak
 12230 | D:10     | Killed a death yak
 12648 | D:10     | Found a shimmering altar of Xom.
 12670 | D:10     | Noticed Maurice
 12682 | D:10     | Killed Maurice
 12845 | D:11     | Found a runed translucent gate.
 12845 | D:11     | Found a runed translucent gate.
 12845 | D:11     | Found a runed translucent gate.
 12845 | D:11     | Noticed Shayle's ghost (journeyman PaNe)
 12889 | D:11     | Found a runed translucent door.
 12891 | D:11     | Noticed an orc sorcerer
 12891 | D:11     | Noticed a cyclops
 12907 | D:11     | Identified the amulet of Scepticism {Faith rC+ rN++ Dex-4
                  | Slay+3}
 12975 | D:11     | Received a gift from Yredelemnul (a wight)
 13188 | D:11     | Noticed a white ugly thing
 13197 | D:11     | Killed a white ugly thing
 13424 | D:11     | Noticed a white ugly thing
 13427 | D:11     | Found a gate leading to a gauntlet.
 13437 | D:11     | Killed a white ugly thing
 13886 | Lair:1   | Entered Level 1 of the Lair of Beasts
 13994 | Lair:1   | Noticed an eight-headed hydra
 14859 | Lair:1   | Reached skill level 1 in Shields
 15191 | Lair:1   | Killed an eight-headed hydra
 15192 | Lair:1   | Reached skill level 10 in Fighting
 15192 | Lair:1   | Reached skill level 13 in Unarmed Combat
 15192 | Lair:1   | Reached XP level 12. HP: 26/106 MP: 0/17
 16067 | Lair:2   | Received a gift from Yredelemnul (a vampire)
 16733 | Lair:2   | Noticed Fannar
 16781 | Lair:2   | Received a gift from Yredelemnul (a wight)
 16802 | Lair:3   | Noticed a four-headed hydra
 16813 | Lair:3   | Killed a four-headed hydra
 17223 | Lair:3   | Received a gift from Yredelemnul (a wraith)
 17517 | Lair:2   | Killed Fannar
 17517 | Lair:2   | Enslaved Fannar
 17628 | Lair:2   | Reached skill level 14 in Unarmed Combat
 18109 | Lair:3   | Noticed a six-headed hydra
 18144 | Lair:3   | Killed a six-headed hydra
 18654 | Lair:4   | Found a hole to the Spider Nest.
 18822 | Lair:4   | Found a staircase to the Swamp.
 18826 | Lair:4   | Reached XP level 13. HP: 115/115 MP: 19/19
 19192 | Lair:4   | Received a gift from Yredelemnul (a skeletal warrior)
 19697 | Lair:5   | Reached skill level 10 in Invocations
 20983 | Lair:5   | You fall into a shaft and drop 1 floor!
 20983 | Lair:6   | Entered Level 6 of the Lair of Beasts
 20998 | Lair:6   | Found a viscous altar of Jiyva.
 20998 | Lair:6   | Found a staircase to the Slime Pits.
 21027 | Lair:5   | Got an iridescent shortbow
 21056 | Lair:5   | Reached skill level 5 in Shields
 21056 | Lair:5   | Reached skill level 15 in Unarmed Combat
 21221 | Lair:5   | You fall into a shaft and drop 1 floor!
 21414 | Lair:6   | Noticed Urug
 21431 | Lair:6   | Killed Urug
 21733 | Lair:6   | Reached skill level 10 in Dodging
 22141 | Lair:6   | Reached XP level 14. HP: 60/125 MP: 21/21
 22194 | Lair:6   | Found a large runed translucent door.
 22195 | Lair:6   | Found a large runed translucent door.
 22676 | Lair:6   | Received a gift from Yredelemnul (a phantasmal warrior)
 22910 | Lair:6   | Received a gift from Yredelemnul (a vampire)
 23751 | Orc:1    | Entered Level 1 of the Orcish Mines
 23793 | Orc:1    | Upgraded the game from 0.26.0-90-g5fd8617961 to
                  | 0.26.0-91-g99b343417d
 23794 | Orc:2    | Entered Level 2 of the Orcish Mines
 23893 | Orc:2    | Found a roughly hewn altar of Beogh.
 24047 | Orc:2    | Received a gift from Yredelemnul (a vampire knight)
 24143 | Orc:2    | Found a staircase to the Elven Halls.
 24227 | Orc:2    | Found a dark tunnel.
 24254 | Orc:2    | Received a gift from Yredelemnul (a vampire knight)
 24622 | Orc:2    | Found Tousto's General Store.
 24650 | Orc:2    | Reached skill level 16 in Unarmed Combat
 24848 | Orc:2    | Received a gift from Yredelemnul (a ghoul)
 24905 | Orc:2    | Found Pejido's General Store.
 24972 | Orc:2    | Received a gift from Yredelemnul (a ghoul)
 25438 | Orc:2    | Paralysed by an orc sorcerer for 6 turns
 25754 | Orc:2    | Found Ykomuub's Book Boutique.
 25754 | Orc:2    | Found Zoomuca's Antique Armour Shop.
 25754 | Orc:2    | Found a one-way gate leading to the halls of Pandemonium.
 26124 | Orc:1    | Reached ****** piety under Yredelemnul
 26328 | Orc:1    | Found a roughly hewn altar of Beogh.
 26729 | Orc:1    | You fall into a shaft and drop 1 floor!
 26953 | D:11     | Received a gift from Yredelemnul (a phantasmal warrior)
 27232 | D:12     | Reached XP level 15. HP: 81/134 MP: 22/22
 27301 | D:12     | Got a faintly glowing morningstar
 27703 | D:12     | Received a gift from Yredelemnul (a vampire)
 28478 | D:13     | Noticed Rupert
 28479 | D:13     | Paralysed by Rupert for 7 turns
 28516 | D:13     | Killed Rupert
 28516 | D:13     | Enslaved Rupert
 28679 | D:13     | Received a gift from Yredelemnul (a skeletal warrior)
 28680 | D:13     | Reached skill level 17 in Unarmed Combat
 28812 | D:13     | Found a gate to the Vaults.
 29701 | D:14     | Got a fading flail
 30035 | D:14     | Found Hafuxa's Jewellery Emporium.
 30506 | D:15     | Entered Level 15 of the Dungeon
 30527 | D:15     | Received a gift from Yredelemnul (a vampire)
 30539 | D:15     | Noticed Azrael
 30574 | D:15     | Killed Azrael
 30733 | D:15     | Found a staircase to the Depths.
 30733 | D:15     | Noticed a fire giant
 30792 | D:14     | Bought the ring "Decomeej" {+Fly rElec rF+++ rC++ Str-2}
                  | for 1197 gold pieces
 31495 | D:15     | Killed a fire giant
 31875 | Swamp:1  | Entered Level 1 of the Swamp
 31885 | Swamp:1  | Received a gift from Yredelemnul (a ghoul)
 31999 | Swamp:1  | HP: 2/136 [acid (9)]
 32004 | Swamp:1  | Slain by a goliath frog

Illustrated notes

Levels and vault maps discovered:
D:1:      matt_arrival_refuge, layout_basic
D:2:      layout_rooms, old_standard_altar, minmay_lizard_pond
D:3:      layout_basic
D:4:      layout_cave_pools, lemuel_crystal_altar,
          nicolae_overflow_crystal_walls, xom_confusion_cloud
D:5:      cheibrodos_fertilizer, layout_cave_pools, minmay_temple_entry_wispy,
          serial_shops, nicolae_shop_waterfront, serial_bayou_pond_d,
          uniq_prince_ribbit1
D:6:      lemuel_insect_pit, layout_loops_ring, ashenzari_altar_1, serial_shops,
          nicolae_shop_behind_doors, enter_ossuary_3, trog_butcher_becter
D:7:      layout_cave_pools, kennysheep_little_box, general_overflow_altar,
          gammafunk_temple_overflow_wave, enter_bailey_4, hangedman_misty_isle,
          uniq_maggie
D:8:      layout_basic, eat_drink_and_be_merry_uskayaw, serial_shops, shop,
          minmay_fire_ice_demons, uniq_harold
D:9:      layout_cave_pools, led_sif_pool, grunt_livestock
D:10:     layout_cave_pods, dpeg_lair_monsters, zombieorc1_lemuel, basic_altar,
          serial_shops, shop, minmay_holes, uniq_maurice
D:11:     layout_rooms, gauntlet_entry_generic, gammafunk_ghost_spectres,
          minmay_st_funbox
D:12:     layout_rooms
D:13:     layout_loops_ring, erik_vaults_1, uniq_rupert
D:14:     layout_roguey, hangedman_abyss_or_decor_jellyfish_corner,
          serial_shops, nicolae_shop_statue_plus
D:15:     grunt_enter_depths_giant_problem, layout_loops_ring,
          amcnicky_mini_rare_corridor_liquid, evilmike_butchery, uniq_azrael
Temple:   minmay_temple_curvy_loop
Lair:1:   layout_loops_ring
Lair:2:   layout_regular_city, grunt_megastairs_5, uniq_fannar
Lair:3:   lemuel_ratsnest, layout_hall_layers, grunt_megastairs_4
Lair:4:   layout_regular_city, skrybe_swamp_entry_bodies, spider_nest_entry_a
Lair:5:   layout_roguey
Lair:6:   cheibrodos_lair_end_hotspot, layout_gridlike, slime_altar_1, uniq_urug
Swamp:1:  layout_basic_swamp, infiniplex_staircase_pool, swamp_pool3, uniq_aizul
Orc:1:    layout_caves, mines1_david
Orc:2:    pf_orc_diabolical, layout_diamond_mine,
          nicolae_volcano_entry_vermiform, basic_altar

Skill      XL: |  1  2  3  4  5  6  7  8  9 10 11 12 13 14 15 |
---------------+----------------------------------------------+-----
Dodging        | 3 4 5 6 7 8 9 10 11 | 11.5
Stealth        | 3 |  3.4
Fighting       | 4 5 6 7 8 10 11 12 13 | 13.2
Unarmed Combat | 4 5 7 8 10 11 13 14 15 16 17 | 17.6
Invocations    | 1 2 4 5 7 8 9 10 11 12 | 12.6
Shields        | 1 3 5 7 8 |  8.2
Armour         | |  0.6

Action                   |  1- 3 |  4- 6 |  7- 9 | 10-12 | 13-15 || total
-------------------------+-------+-------+-------+-------+-------++-------
Melee: Unarmed           |   120 |   253 |   351 |   817 |  1590 ||  3131
       Punch             |     1 |     2 |    14 |    29 |       ||    46
Throw: Throwing net      |       |       |       |     1 |     1 ||     2
Invok: Drain Life        |       |       |       |     4 |    11 ||    15
       Recall Undead Sla |       |       |       |     3 |     7 ||    10
       Enslave Soul      |       |       |       |     1 |     1 ||     2
       Stop Recall       |       |       |       |     1 |       ||     1
 Abil: Evoke Flight      |       |       |       |       |     1 ||     1
Evoke: Wand              |       |       |     7 |     7 |       ||    14
  Use: Scroll            |       |       |     9 |     2 |    25 ||    36
 Stab: Sleeping          |     3 |     8 |     4 |    14 |     7 ||    36
       Held in net/web   |       |       |       |     1 |     1 ||     2
       Distracted        |       |       |       |     5 |     7 ||    12
Armor: Robe              |    42 |    62 |       |       |       ||   104
       Leather armour    |       |    27 |    84 |       |       ||   111
       Steam dragon scal |       |       |    26 |   142 |   309 ||   477
Dodge: Dodged            |   102 |   173 |   286 |   573 |   914 ||  2048
Block: Kite shield       |       |       |       |   165 |   907 ||  1072
